 Dungeon Crawl Stone Soup version 0.30-a0-222-ge547ba4400 (webtiles) character file.

Game seed: 11561055497300953709

96750 qw the Severer (level 16, 0/104 HPs)
             Began as a Gargoyle Fighter on Oct 8, 2022.
             Was a High Priest of Okawaru.
             Killed from afar by a hell knight (34 damage)
             ... with a bolt of fire
             ... on level 15 of the Dungeon.
             The game lasted 00:10:30 (21626 turns).

qw the Severer (Gargoyle Fighter)                  Turns: 21626, Time: 00:10:30

Health: 0/104      AC: 60    Str: 29    XL:     16   Next: 17%
Magic:  21/23      EV:  7    Int:  8    God:    Okawaru [*****.]
Gold:   1814       SH: 22    Dex:  9    Spells: 15/15 levels left

rFire   . . .      SeeInvis +    E - +2 broad axe
rCold   + + .      Faith    .    x - +0 tower shield
rNeg    + . .      Spirit   .    r - +6 crystal plate armour "Zech" {rPois rC+}
rPois   inf        Reflect  +    m - +2 helmet
rElec   +          Harm     .    B - scarf {repulsion}
rCorr   .          Rampage  .    h - +2 pair of gloves
Will    +....                    i - +2 pair of boots "Ossiwixi" {rC+}
Stlth   ..........               b - amulet of reflection
HPRegen 0.37/turn                g - ring of see invisible
MPRegen 0.18/turn                y - +4 ring of protection

@: heroic, finesse-ful, flying, repel missiles
A: sickness immunity, AC +12, big wings, negative energy resistance 1,
electricity resistance, torment resistance 1, petrification resistance
a: Renounce Religion, Heroism, Finesse, Duel


You were on level 15 of the Dungeon.
You worshipped Okawaru.
Okawaru was extremely pleased with you.
You visited 3 branches of the dungeon, and saw 21 of its levels.
You visited the Abyss 1 time.
You also visited: Sewer.

You collected 2473 gold pieces.
You spent 659 gold pieces at shops.


Innate Abilities, Weirdness & Mutations

You are immune to sickness and miasma.
Your stone body is resilient. (AC +12)
You are immune to poison.
Your large and strong wings let you fly.
You resist negative energy. (rN+)
You are resistant to electric shocks. (rElec)
You are resistant to unholy torment.
You are immune to petrification.


   Skills:
 - Level 13.0(18.0) Fighting
 - Level 17.0(22.0) Axes
 - Level 2.2(7.2) Throwing
 - Level 15.3(20.3) Armour
 - Level 2.2(7.2) Dodging
 + Level 9.8(14.8) Shields
 - Level 10.0 Invocations


You had 15 spell levels left.
You didn't know any spells.
Your spell library was empty.

Inventory:

Hand Weapons
 c - a +3 demon whip of draining
 E - a +2 broad axe (weapon)
Missiles
 a - 17 boomerangs (quivered)
Armour
 h - a +2 pair of gloves (worn)
 i - the +2 pair of boots "Ossiwixi" (worn) {rC+}
   (Okawaru gifted it to you on level 10 of the Dungeon)

   rC:        It protects you from cold.
 m - a +2 helmet (worn)
 r - the +6 crystal plate armour "Zech" (worn) {rPois rC+}
   (Okawaru gifted it to you on level 2 of the Lair of Beasts)

   rC:        It protects you from cold.
   rPois:     It protects you from poison.
 t - a +1 cloak of poison resistance
 x - a +0 tower shield (worn)
 A - +0 acid dragon scales
 B - a scarf of repulsion (worn)
Jewellery
 b - an amulet of reflection (around neck)
 g - a ring of see invisible (left hand)
 l - a ring of willpower
 o - a ring of fire
 v - a ring of fire
 y - a +4 ring of protection (right hand)
Scrolls
 k - 15 scrolls of identify
 u - a scroll of enchant armour
 D - 5 scrolls of teleportation
Potions
 d - 8 potions of might
 e - 4 potions of lignification
 f - 6 potions of haste
 j - 6 potions of curing
 n - 4 potions of attraction
 p - a potion of magic
 q - 3 potions of resistance
 w - 4 potions of mutation

Dungeon Overview and Level Annotations

Branches:
Dungeon (15/15)            Temple (1/1) D:4            Lair (5/5) D:9
 Shoals (0/4) Lair:2        Snake (0/4) Lair:2        Slime (0/5) Lair:4
    Orc (0/2) D:10         Vaults (0/5) D:13          Sewer (visited)
 Depths: D:15

Altars:
Ashenzari
Cheibriados
Dithmenos
Elyvilon
Fedhas
Gozag
Hepliaklqana
Kikubaaqudgha
Makhleb
Nemelex Xobeh
Okawaru
Qazlal
Ru
Sif Muna
Trog
Uskayaw
Vehumet
Wu Jian
Xom
Yredelemnul
Zin
The Shining One

Shops:
D:4 =   D:14 *

Portals:
Hell: Lair:5

Annotations:
D:7 1 runed translucent door, Crazy Yiuf
D:10 2 transporters, qw's ghost, journeyman GrFi
D:12 3 runed translucent doors


Message History

You slash the chaos spawn!
The chaos spawn is almost dead.
You slice the quasit!!
You kill the quasit!
The quasit disappears in a puff of smoke!
You block the hell knight's attack. You block the red devil's attack.
The obsidian statue's eyes glow briefly.
You hit the chaos spawn but do no damage.
The chaos spawn is almost dead.
You are no longer corroded.
You block the chaos spawn's attack.
The crimson imp blinks!
The hell knight hits you but does no damage.
You slice the chaos spawn!!
You kill the chaos spawn!
The chaos spawn degenerates into a cloud of primal chaos!
An obsidian statue comes into view.
You block the sixfirhy's attack. x2
The hell knight hits you but does no damage.
The obsidian statue slips into the dungeon's darkness for a moment.
The obsidian statue's eyes glow briefly. x2
The sixfirhy hits you but does no damage.
You block the orange demon's attack. You block the hell knight's attack.
You see here a +0 trident.
You slash the hell knight!
The hell knight is moderately wounded.
You slash the sixfirhy!
The sixfirhy disappears in a puff of smoke!
You block the red devil's attack.
The obsidian statue's eyes glow briefly.
The obsidian statue attempts to bespell you!
You easily resist.
The orange demon closely misses you.
You slice the hell knight!!
The hell knight is severely wounded.
The hell knight hits you but does no damage.
You barely miss the hell knight.
The hell knight is severely wounded.
The chaos spawn is engulfed in blazing flames.
The hell knight mumbles some strange prayers to its god against you.
The bolt of fire hits you!!
You die...

#####+##
##......##
###.8.8.8..#
0.........0#
8_44....548#
0.......3.0#
#.8.8¤84.#
#..p@¤4#
#####'###
###
#0...0#...
##)).##.##
###)##...#
#........#
#...<....#
#)##..#..#
#....)# .#


You could see 2 obsidian statues, a hell knight (fast), a soul eater (summoned),
an orange demon (summoned), 2 ice devils, a chaos spawn (summoned), a red devil
and a crimson imp (summoned).

Vanquished Creatures
  A tentacled monstrosity (Abyss:3)
  Louise (D:14)
  A draconian shifter (Abyss:3)
  A caustic shrike skeleton (Abyss:3)
  A dire elephant (Lair:5)
  A green death (Abyss:3)
  A fire dragon (Lair:5)
  A juggernaut simulacrum (Abyss:3)
  A vault guard (D:13)
  4 centaur warriors
  4 hydras
  6 two-headed ogres
  A catoblepas (Lair:4)
  2 boulder beetles
  2 naga warriors
  A death knight (D:14)
  A death yak (Lair:5)
  3 tengu warriors (D:14)
  2 sun demons
  3 hell knights (D:15)
  A thrashing horror (Abyss:3)
  Sonja (D:10)
  A wretched star (Abyss:3)
  Lodul (D:14)
  A sixfirhy (Abyss:3)
  2 skeletal warriors
  Amaemon (Lair:2)
  2 starcursed masses (Abyss:3)
  A lindwurm (Lair:5)
  2 wizards
  3 phantasmal warriors (D:14)
  12 ugly things
  3 necromancers
  4 deep elf pyromancers
  3 cyclopes
  4 manticores
  A guardian serpent (Abyss:3)
  A stone giant skeleton (Abyss:3)
  13 elephants
  4 black mambas (Lair:5)
  2 smoke demons
  8 cane toads
  4 torpor snails (Lair:5)
  3 orange demons
  3 unseen horrors
  Maggie (D:6)
  A gargoyle (D:7)
  17 rime drakes
  2 efreet
  2 kobold demonologists (D:10)
  A tengu conjurer (D:14)
  8 komodo dragons
  8 hellwings
  3 ancient zymes (Abyss:3)
  3 red devils (D:15)
  5 ice devils
  A polar bear (Lair:4)
  A troll (shapeshifter) (D:14)
  A wind drake (Lair:2)
  6 trolls
  A hornet (D:5)
  4 slime creatures
  9 dream sheep
  9 blink frogs
  A centaur simulacrum (D:14)
  2 shadows
  A wraith (D:11)
  35 yaks
  2 ynoxinuls (D:15)
  A vampire (D:10)
  A spriggan (D:10)
  8 wyverns
  A basilisk (Lair:2)
  4 vampire mosquitoes (D:13)
  2 large abominations (Abyss:3)
  22 humans
  A neqoxec (Abyss:3)
  A chaos spawn (Abyss:3)
  16 steam dragons (Lair:5)
  3 acid dragons
  15 water moccasins
  4 hell hounds (Lair:5)
  6 orc warriors
  2 sky beasts
  5 ice beasts
  2 black bears
  10 ogres
  6 wolves (Lair:3)
  4 centaurs
  7 small abominations (Abyss:3)
  11 kobold brigands
  10 bullfrogs
  4 scorpions
  A gnoll sergeant (D:10)
  5 wights
  6 killer bees
  5 howler monkeys
  A crimson imp (D:10)
  2 gnoll boudas
  10 orc priests
  5 hounds
  15 jellies
  Natasha (thrice) (D:2)
  3 iguanas
  19 orc wizards
  16 adders
  18 gnolls
  A shadow imp (D:7)
  A white imp (D:7)
  An ufetubus (D:5)
  2 worms (D:2)
  2 dart slugs
  59 orcs
  10 ball pythons
  5 bats
  16 endoplasms
  2 giant cockroaches (D:1)
  4 goblins
  5 hobgoblins
  8 jackals
  22 kobolds
  2 quokkas
  9 frilled lizards
  3 rats (D:1)
650 creatures vanquished.

Vanquished Creatures (others)
  Maurice (D:9)
  46 fungi
  A lurking horror (Abyss:3)
  34 plants
  6 withered plants (D:15)
88 creatures vanquished.

Grand Total: 738 creatures vanquished

Notes
Turn   | Place    | Note
-------+----------+-------------------------------------------
     0 | D:1      | qw the Gargoyle Fighter began the quest for the Orb.
     0 | D:1      | Reached XP level 1. HP: 14/14 MP: 1/1
     0 | D:1      | 0 ||| qw: Version: 0.2-a-17-g06abaee
     0 | D:1      | 0 ||| qw: Game counter: 2016
     0 | D:1      | 0 ||| qw: Always use a shield: true
     0 | D:1      | 0 ||| qw: God list: Okawaru
     0 | D:1      | 0 ||| qw: Allow faded altars: false
     0 | D:1      | 0 ||| qw: Do Orc after D:15 true
     0 | D:1      | 0 ||| qw: Do second Lair branch before Depths: true
     0 | D:1      | 0 ||| qw: Lair rune preference: random
     0 | D:1      | 0 ||| qw: Plans: Normal, Zot:1-4, God:TSO, Crypt, Tomb,
                  | Pan, Slime:5, Hells, Abyss, Orb
     0 | D:1      | 0 ||| PLANNING D:1-11
    55 | D:1      | Reached skill level 2 in Axes
    87 | D:1      | Reached XP level 2. HP: 16/19 MP: 2/2
   342 | D:1      | Reached skill level 3 in Axes
   451 | D:1      | Reached XP level 3. HP: 19/23 MP: 3/3
   494 | D:1      | 494 ||| DROPPING +0 club.
   650 | D:1      | 650 ||| READING scroll labelled TYNOSM TULA.
   651 | D:1      | 651 ||| READING scroll labelled HILLYO XAAPLIEQAM.
   652 | D:1      | 652 ||| READING scroll labelled FURINULEJU.
   731 | D:2      | 731 ||| Stepping ~*~*~tactically~*~*~ (stealth).
   732 | D:2      | 732 ||| Stepping ~*~*~tactically~*~*~ (stealth).
   805 | D:2      | 805 ||| Stepping ~*~*~tactically~*~*~ (stealth).
   913 | D:2      | Reached XP level 4. HP: 26/28 MP: 4/4
   958 | D:2      | Found a faded altar of an unknown god.
   964 | D:2      | Noticed Natasha
   974 | D:2      | Killed Natasha
   975 | D:2      | Reached skill level 4 in Axes
  1092 | D:2      | Noticed Natasha
  1098 | D:2      | HP: 7/28 [Natasha (6)]
  1101 | D:2      | Killed Natasha
  1297 | D:2      | Noticed Natasha
  1308 | D:2      | Reached XP level 5. HP: 20/32 MP: 5/5
  1308 | D:2      | Killed Natasha
  1359 | D:2      | Identified the +1 ring mail of Disguise {rPois rF- Dex+5}
  1519 | D:2      | 1519 ||| UPGRADING to +0 pair of boots.
  1524 | D:2      | 1524 ||| UPGRADING to +0 gold dragon scales.
  1534 | D:2      | 1534 ||| DROPPING +0 scale mail.
  1535 | D:2      | 1535 ||| READING scroll labelled VEDYCE XYOF.
  1551 | D:3      | 1551 ||| PLANNING SEWER
  1647 | D:3      | Reached skill level 5 in Axes
  1652 | D:3      | 1652 ||| Stepping ~*~*~tactically~*~*~ (stealth).
  1673 | D:3      | 1673 ||| Stepping ~*~*~tactically~*~*~ (stealth).
  1678 | D:3      | 1678 ||| Stepping ~*~*~tactically~*~*~ (stealth).
  1753 | D:3      | 1753 ||| READING scroll of enchant armour.
  1753 | D:3      | 1753 ||| ENCHANTING +0 gold dragon scales.
  1784 | D:3      | Found a white marble altar of Elyvilon.
  1784 | D:3      | Found a glowing silver altar of Zin.
  1785 | D:3      | Found a glowing golden altar of the Shining One.
  1926 | D:3      | 1926 ||| Stepping ~*~*~tactically~*~*~ (stealth).
  2008 | D:3      | 2008 ||| Stepping ~*~*~tactically~*~*~ (stealth).
  2162 | D:3      | Found a glowing drain.
  2163 | D:3      | 2163 ||| READING scroll labelled PUELAGRUWY.
  2164 | D:3      | 2164 ||| DRINKING 2 golden potions.
  2165 | D:3      | 2165 ||| DRINKING 2 glowing pink potions.
  2166 | D:3      | 2166 ||| READING 2 scrolls of identify.
  2166 | D:3      | 2166 ||| IDENTIFYING white potion
  2167 | D:3      | 2167 ||| DROPPING potion of invisibility.
  2168 | D:3      | 2168 ||| DROPPING potion of brilliance.
  2177 | Sewer    | Entered a sewer
  2278 | Sewer    | Reached XP level 6. HP: 35/37 MP: 6/6
  2355 | Sewer    | 2355 ||| Stepping ~*~*~tactically~*~*~ (water).
  2475 | Sewer    | 2475 ||| READING scroll labelled FYNTOI XURI.
  2480 | Sewer    | 2480 ||| DRINKING 2 green potions.
  2481 | Sewer    | 2481 ||| READING 4 scrolls of identify.
  2481 | Sewer    | 2481 ||| IDENTIFYING murky yellow potion
  2482 | Sewer    | 2482 ||| READING 3 scrolls of identify.
  2482 | Sewer    | 2482 ||| IDENTIFYING fuming coppery potion
  2483 | Sewer    | 2483 ||| READING 2 scrolls of identify.
  2483 | Sewer    | 2483 ||| IDENTIFYING bubbling brown potion
  2484 | Sewer    | 2484 ||| DROPPING potion of ambrosia.
  2485 | Sewer    | 2485 ||| DROPPING potion of flight.
  2521 | D:3      | 2521 ||| PLANNING D:1-11
  2701 | D:3      | 2701 ||| READING 2 scrolls of identify.
  2701 | D:3      | 2701 ||| IDENTIFYING murky white potion
  2702 | D:3      | 2702 ||| DROPPING potion of degeneration.
  2732 | D:4      | Found Xomiyjamn's Jewellery Shop.
  2733 | D:4      | 2733 ||| Stepping ~*~*~tactically~*~*~ (hiding).
  2776 | D:4      | 2776 ||| Stepping ~*~*~tactically~*~*~ (stealth).
  2785 | D:4      | 2785 ||| DROPPING +0 whip.
  2791 | D:4      | 2791 ||| SHOPLISTING amulet of guardian spirit (420 gold,
                  | have 247).
  2791 | D:4      | 2791 ||| SHOPLISTING ring of ice (350 gold, have 247).
  2791 | D:4      | 2791 ||| BUYING ring of see invisible (210 gold).
  2791 | D:4      | Bought a ring of see invisible for 210 gold pieces
  2791 | D:4      | 2791 ||| SHOPLISTING ring of willpower (350 gold, have 37).
  2895 | D:4      | Found a staircase to the Ecumenical Temple.
  2896 | D:4      | 2896 ||| PLANNING TEMPLE
  2906 | D:4      | HP: 7/38 [iguana (4)]
  2907 | D:4      | 2907 ||| DRINKING 2 potions of heal wounds.
  2909 | D:4      | HP: 2/38 [orc priest/divine providence (14)]
  2910 | D:4      | 2910 ||| DRINKING potion of heal wounds.
  2913 | D:4      | Reached skill level 6 in Axes
  2914 | D:4      | Reached XP level 7. HP: 38/43 MP: 7/7
  2930 | D:4      | 2930 ||| UPGRADING to +2 pair of gloves.
  2935 | D:4      | 2935 ||| UPGRADING to ring of see invisible.
  2940 | Temple   | Entered the Ecumenical Temple
  3115 | Temple   | 3115 ||| PLANNING OKAWARU WORSHIP
  3161 | Temple   | Became a worshipper of Warmaster Okawaru
  3162 | Temple   | 3162 ||| PLANNING D:1-11
  3222 | D:4      | 3222 ||| Stepping ~*~*~tactically~*~*~ (hiding).
  3305 | D:4      | 3305 ||| Stepping ~*~*~tactically~*~*~ (stealth).
  3306 | D:4      | 3306 ||| Stepping ~*~*~tactically~*~*~ (stealth).
  3309 | D:4      | 3309 ||| Stepping ~*~*~tactically~*~*~ (stealth).
  3654 | D:4      | 3654 ||| DRINKING 2 smoky emerald potions.
  3759 | D:4      | 3759 ||| DROPPING potion of berserk rage.
  3778 | D:5      | Entered Level 5 of the Dungeon
  3819 | D:5      | 3819 ||| Stepping ~*~*~tactically~*~*~ (stealth).
  3820 | D:5      | 3820 ||| Stepping ~*~*~tactically~*~*~ (stealth).
  3882 | D:5      | Reached * piety under Okawaru
  3937 | D:5      | Noticed a hornet
  3952 | D:5      | 3952 ||| INVOKING Heroism.
  3953 | D:5      | 3953 ||| INVOKING Heroism.
  3954 | D:5      | 3954 ||| INVOKING Heroism.
  3954 | D:5      | HP: 7/43 [hornet (5)]
  3960 | D:5      | HP: 2/43 [hornet (5)]
  3961 | D:5      | Killed a hornet
  3962 | D:5      | Reached skill level 7 in Axes
  3962 | D:5      | Reached XP level 8. HP: 2/48 MP: 5/8
  4170 | D:5      | 4170 ||| Stepping ~*~*~tactically~*~*~ (hiding).
  4171 | D:5      | 4171 ||| Stepping ~*~*~tactically~*~*~ (hiding).
  4184 | D:5      | 4184 ||| INVOKING Heroism.
  4191 | D:5      | Reached skill level 1 in Invocations
  4259 | D:5      | 4259 ||| Stepping ~*~*~tactically~*~*~ (stealth).
  4335 | D:5      | 4335 ||| INVOKING Heroism.
  4394 | D:5      | 4394 ||| Stepping ~*~*~tactically~*~*~ (hiding).
  4396 | D:5      | 4396 ||| Stepping ~*~*~tactically~*~*~ (hiding).
  4400 | D:5      | 4400 ||| INVOKING Heroism.
  4568 | D:5      | 4568 ||| UPGRADING to +0 helmet.
  4573 | D:5      | 4573 ||| READING scroll labelled SIXOHUWECE.
  4574 | D:5      | 4574 ||| READING 3 scrolls of identify.
  4574 | D:5      | 4574 ||| IDENTIFYING glowing red potion
  4624 | D:6      | Found an opulent altar of Gozag.
  4653 | D:6      | Noticed Maggie
  4654 | D:6      | 4654 ||| INVOKING Heroism.
  4671 | D:6      | 4671 ||| INVOKING Heroism.
  4677 | D:6      | Killed Maggie
  4678 | D:6      | Reached skill level 6 in Armour
  4691 | D:6      | 4691 ||| INVOKING Heroism.
  4697 | D:6      | Reached skill level 1 in Throwing
  4822 | D:6      | Reached skill level 8 in Axes
  4822 | D:6      | Reached XP level 9. HP: 50/54 MP: 12/12
  4911 | D:6      | 4911 ||| INVOKING Heroism.
  5038 | D:6      | Found an ornate altar of the Wu Jian Council.
  5113 | D:6      | Reached skill level 1 in Dodging
  5134 | D:6      | 5134 ||| Stepping ~*~*~tactically~*~*~ (stealth).
  5149 | D:6      | Reached ** piety under Okawaru
  5509 | D:6      | Noticed a troll
  5510 | D:6      | 5510 ||| INVOKING Heroism.
  5510 | D:6      | Noticed a purple ugly thing
  5516 | D:6      | Killed a troll
  5517 | D:6      | Reached skill level 6 in Fighting
  5532 | D:6      | 5532 ||| INVOKING Heroism.
  5539 | D:6      | Killed a purple ugly thing
  5773 | D:6      | Found a hide-covered altar of Uskayaw.
  5773 | D:6      | Found a sparkling altar of Nemelex Xobeh.
  5781 | D:6      | Found a faded altar of an unknown god.
  5783 | D:6      | Found a faded altar of an unknown god.
  5785 | D:6      | Found a snail-covered altar of Cheibriados.
  5844 | D:6      | 5844 ||| INVOKING Heroism.
  5868 | D:6      | 5868 ||| READING scroll labelled TUHEEC JAUCUCK.
  5869 | D:6      | 5869 ||| READING 2 scrolls of identify.
  5869 | D:6      | 5869 ||| IDENTIFYING cyan potion
  5967 | D:7      | 5967 ||| INVOKING Heroism.
  6001 | D:7      | 6001 ||| Stepping ~*~*~tactically~*~*~ (hiding).
  6126 | D:7      | 6126 ||| Stepping ~*~*~tactically~*~*~ (hiding).
  6131 | D:7      | 6131 ||| INVOKING Heroism.
  6353 | D:7      | Reached skill level 9 in Axes
  6559 | D:7      | Found a runed translucent door.
  6560 | D:7      | Noticed Crazy Yiuf
  6595 | D:7      | Noticed a gargoyle
  6596 | D:7      | 6596 ||| Stepping ~*~*~tactically~*~*~ (hiding).
  6600 | D:7      | 6600 ||| INVOKING Heroism.
  6600 | D:7      | HP: 13/56 [gargoyle/stone arrow (16)]
  6605 | D:7      | HP: 13/56 [gargoyle/+0 flail (1)]
  6607 | D:7      | Killed a gargoyle
  6608 | D:7      | Reached XP level 10. HP: 14/63 MP: 11/13
  6608 | D:7      | 6608 ||| FLEEEEING.
  6609 | D:7      | 6609 ||| FLEEEEING.
  6610 | D:7      | 6610 ||| FLEEEEING.
  6611 | D:7      | 6611 ||| FLEEEEING.
  6613 | D:7      | 6613 ||| FLEEEEING.
  6614 | D:7      | 6614 ||| FLEEEEING.
  6615 | D:7      | 6615 ||| FLEEEEING.
  6616 | D:7      | 6616 ||| FLEEEEING.
  6617 | D:7      | 6617 ||| FLEEEEING.
  6618 | D:7      | 6618 ||| FLEEEEING.
  6619 | D:7      | 6619 ||| FLEEEEING.
  6620 | D:7      | 6620 ||| FLEEEEING.
  6621 | D:7      | 6621 ||| FLEEEEING.
  6622 | D:7      | 6622 ||| FLEEEEING.
  6623 | D:7      | 6623 ||| STAIRDANCE
  6769 | D:6      | 6769 ||| DROPPING amulet of magic regeneration.
  6770 | D:6      | 6770 ||| READING 2 scrolls of identify.
  6770 | D:6      | 6770 ||| IDENTIFYING fuming yellow potion
  6861 | D:7      | 6861 ||| DROPPING +0 flail.
  6866 | D:7      | 6866 ||| Stepping ~*~*~tactically~*~*~ (stealth).
  6867 | D:7      | 6867 ||| Stepping ~*~*~tactically~*~*~ (stealth).
  6888 | D:7      | 6888 ||| INVOKING Heroism.
  6919 | D:7      | 6919 ||| Stepping ~*~*~tactically~*~*~ (stealth).
  6956 | D:7      | 6956 ||| INVOKING Heroism.
  7002 | D:7      | Noticed a manticore
  7002 | D:7      | Noticed a boulder beetle
  7003 | D:7      | 7003 ||| Stepping ~*~*~tactically~*~*~ (stealth).
  7004 | D:7      | 7004 ||| Stepping ~*~*~tactically~*~*~ (stealth).
  7005 | D:7      | Noticed a two-headed ogre
  7006 | D:7      | 7006 ||| Stepping ~*~*~tactically~*~*~ (hiding).
  7009 | D:7      | 7009 ||| INVOKING Heroism.
  7026 | D:7      | Killed a two-headed ogre
  7036 | D:7      | Killed a manticore
  7036 | D:7      | Reached *** piety under Okawaru
  7037 | D:7      | Reached skill level 10 in Axes
  7037 | D:7      | 7037 ||| INVOKING Heroism.
  7055 | D:7      | 7055 ||| INVOKING Heroism.
  7065 | D:7      | Killed a boulder beetle
  7089 | D:7      | Noticed a cyclops
  7090 | D:7      | 7090 ||| FLEEEEING.
  7181 | D:7      | 7181 ||| Stepping ~*~*~tactically~*~*~ (stealth).
  7184 | D:7      | 7184 ||| INVOKING Heroism.
  7199 | D:7      | Killed a cyclops
  7199 | D:7      | Reached **** piety under Okawaru
  7337 | D:7      | Identified the +11 glaive "Killer Bee's Peril" {flame, rC+
                  | Will+ Int-5}
  7439 | D:7      | 7439 ||| UPGRADING to +2 pair of boots of flying.
  7449 | D:7      | 7449 ||| DROPPING +0 pair of boots.
  7450 | D:7      | 7450 ||| UPGRADING to +1 cloak of poison resistance.
  7455 | D:7      | 7455 ||| UPGRADING to amulet of regeneration.
  7460 | D:7      | 7460 ||| DROPPING ring of magical power.
  7461 | D:7      | 7461 ||| READING 2 scrolls of identify.
  7461 | D:7      | 7461 ||| IDENTIFYING inky potion
  7556 | D:8      | Reached skill level 9 in Armour
  7573 | D:8      | 7573 ||| INVOKING Heroism.
  7578 | D:8      | Reached XP level 11. HP: 69/69 MP: 11/14
  7751 | D:8      | 7751 ||| Stepping ~*~*~tactically~*~*~ (stealth).
  7752 | D:8      | 7752 ||| Stepping ~*~*~tactically~*~*~ (stealth).
  7753 | D:8      | 7753 ||| Stepping ~*~*~tactically~*~*~ (stealth).
  7755 | D:8      | 7755 ||| INVOKING Heroism.
  7822 | D:8      | 7822 ||| Stepping ~*~*~tactically~*~*~ (hiding).
  7829 | D:8      | 7829 ||| DRINKING 3 potions of curing.
  7829 | D:8      | 7829 ||| (to cure confusion)
  7830 | D:8      | 7830 ||| INVOKING Heroism.
  7834 | D:8      | 7834 ||| DRINKING 2 potions of curing.
  7834 | D:8      | 7834 ||| (to cure confusion)
  7842 | D:8      | 7842 ||| Stepping ~*~*~tactically~*~*~ (stealth).
  7848 | D:8      | 7848 ||| Stepping ~*~*~tactically~*~*~ (stealth).
  8094 | D:8      | 8094 ||| Stepping ~*~*~tactically~*~*~ (stealth).
  8098 | D:8      | 8098 ||| INVOKING Heroism.
  8182 | D:8      | 8182 ||| Stepping ~*~*~tactically~*~*~ (stealth).
  8184 | D:8      | 8184 ||| Stepping ~*~*~tactically~*~*~ (stealth).
  8186 | D:8      | 8186 ||| Stepping ~*~*~tactically~*~*~ (stealth).
  8187 | D:8      | 8187 ||| Stepping ~*~*~tactically~*~*~ (stealth).
  8264 | D:8      | 8264 ||| Stepping ~*~*~tactically~*~*~ (hiding).
  8265 | D:8      | 8265 ||| Stepping ~*~*~tactically~*~*~ (hiding).
  8266 | D:8      | 8266 ||| Stepping ~*~*~tactically~*~*~ (hiding).
  8315 | D:8      | 8315 ||| Stepping ~*~*~tactically~*~*~ (stealth).
  8355 | D:8      | 8355 ||| Stepping ~*~*~tactically~*~*~ (hiding).
  8358 | D:8      | 8358 ||| Stepping ~*~*~tactically~*~*~ (hiding).
  8363 | D:8      | 8363 ||| Stepping ~*~*~tactically~*~*~ (stealth).
  8368 | D:8      | 8368 ||| INVOKING Heroism.
  8387 | D:8      | 8387 ||| Stepping ~*~*~tactically~*~*~ (stealth).
  8389 | D:8      | 8389 ||| Stepping ~*~*~tactically~*~*~ (hiding).
  8392 | D:8      | 8392 ||| Stepping ~*~*~tactically~*~*~ (hiding).
  8513 | D:8      | 8513 ||| UPGRADING to ring of willpower.
  8514 | D:8      | 8514 ||| READING scroll labelled FAHEANGAZXU.
  8627 | D:9      | 8627 ||| Stepping ~*~*~tactically~*~*~ (hiding).
  8628 | D:9      | 8628 ||| Stepping ~*~*~tactically~*~*~ (hiding).
  8635 | D:9      | Reached skill level 6 in Invocations
  8885 | D:9      | Found a staircase to the Lair.
  8897 | D:9      | Found a sacrificial altar of Ru.
  8964 | D:9      | 8964 ||| Stepping ~*~*~tactically~*~*~ (stealth).
  8965 | D:9      | 8965 ||| Stepping ~*~*~tactically~*~*~ (stealth).
  8969 | D:9      | 8969 ||| Stepping ~*~*~tactically~*~*~ (stealth).
  8978 | D:9      | 8978 ||| Stepping ~*~*~tactically~*~*~ (stealth).
  8979 | D:9      | 8979 ||| Stepping ~*~*~tactically~*~*~ (stealth).
  8981 | D:9      | 8981 ||| Stepping ~*~*~tactically~*~*~ (stealth).
  8986 | D:9      | 8986 ||| INVOKING Heroism.
  9083 | D:9      | 9083 ||| Stepping ~*~*~tactically~*~*~ (hiding).
  9084 | D:9      | 9084 ||| Stepping ~*~*~tactically~*~*~ (hiding).
  9087 | D:9      | 9087 ||| INVOKING Heroism.
  9131 | D:9      | 9131 ||| INVOKING Heroism.
  9256 | D:9      | Noticed Maurice
  9274 | D:9      | Killed Maurice
  9275 | D:9      | Reached skill level 11 in Axes
  9364 | D:9      | 9364 ||| PLANNING LAIR
  9364 | D:9      | 9364 ||| READING scroll labelled KIAMPOZAPSUM.
  9398 | Lair:1   | Entered Level 1 of the Lair of Beasts
  9399 | Lair:1   | 9399 ||| INVOKING Heroism.
  9407 | Lair:1   | 9407 ||| Stepping ~*~*~tactically~*~*~ (stealth).
  9431 | Lair:1   | Reached ***** piety under Okawaru
  9444 | Lair:1   | 9444 ||| READING 2 scrolls of enchant armour.
  9444 | Lair:1   | 9444 ||| ENCHANTING +1 gold dragon scales.
  9445 | Lair:1   | 9445 ||| READING scroll of enchant armour.
  9445 | Lair:1   | 9445 ||| ENCHANTING +2 gold dragon scales.
 10042 | Lair:1   | 10042 ||| DROPPING ring of flight.
 10043 | Lair:1   | 10043 ||| READING scroll labelled EHAHOABI WYST.
 10044 | Lair:1   | 10044 ||| READING 4 scrolls of identify.
 10044 | Lair:1   | 10044 ||| IDENTIFYING red potion
 10066 | Lair:2   | 10066 ||| STAIRDANCE
 10101 | Lair:2   | Found a staircase to the Snake Pit.
 10114 | Lair:2   | 10114 ||| INVOKING Heroism.
 10132 | Lair:2   | 10132 ||| Stepping ~*~*~tactically~*~*~ (stealth).
 10136 | Lair:2   | 10136 ||| Stepping ~*~*~tactically~*~*~ (stealth).
 10136 | Lair:2   | Noticed Amaemon
 10137 | Lair:2   | 10137 ||| Stepping ~*~*~tactically~*~*~ (stealth).
 10140 | Lair:2   | 10140 ||| Stepping ~*~*~tactically~*~*~ (stealth).
 10144 | Lair:2   | 10144 ||| INVOKING Heroism.
 10160 | Lair:2   | Reached skill level 9 in Fighting
 10160 | Lair:2   | Reached skill level 9 in Invocations
 10160 | Lair:2   | Reached XP level 12. HP: 53/76 MP: 16/18
 10186 | Lair:2   | Killed Amaemon
 10215 | Lair:2   | 10215 ||| DROPPING +2 flail of protection.
 10227 | Lair:2   | Found a glowing golden altar of the Shining One.
 10231 | Lair:2   | Identified the +2 spear of Jedd {freeze, rPois Int+3
                  | Stlth+}
 10260 | Lair:2   | 10260 ||| Stepping ~*~*~tactically~*~*~ (stealth).
 10261 | Lair:2   | 10261 ||| Stepping ~*~*~tactically~*~*~ (stealth).
 10263 | Lair:2   | 10263 ||| INVOKING Heroism.
 10265 | Lair:2   | 10265 ||| Stepping ~*~*~tactically~*~*~ (stealth).
 10319 | Lair:2   | 10319 ||| Stepping ~*~*~tactically~*~*~ (stealth).
 10330 | Lair:2   | 10330 ||| Stepping ~*~*~tactically~*~*~ (stealth).
 10331 | Lair:2   | 10331 ||| INVOKING Heroism.
 10358 | Lair:2   | Identified the +6 crystal plate armour "Zech" {rPois rC+}
                  | (Okawaru gifted it to you on level 2 of the Lair of Beasts)
 10358 | Lair:2   | Received a gift from Okawaru
 10358 | Lair:2   | Reached ****** piety under Okawaru
 10361 | Lair:2   | 10361 ||| Stepping ~*~*~tactically~*~*~ (hiding).
 10427 | Lair:2   | Found a staircase to the Shoals.
 10543 | Lair:2   | 10543 ||| INVOKING Heroism.
 10554 | Lair:2   | Reached skill level 12 in Axes
 10749 | Lair:2   | 10749 ||| Stepping ~*~*~tactically~*~*~ (hiding).
 10858 | Lair:2   | Reached skill level 6 in Shields
 10971 | Lair:2   | Noticed a four-headed hydra
 10972 | Lair:2   | 10972 ||| INVOKING Heroism.
 10973 | Lair:2   | 10973 ||| INVOKING Finesse.
 10975 | Lair:2   | 10975 ||| SWAPPING to +0 demon whip of venom.
 10982 | Lair:2   | Killed a four-headed hydra
 10983 | Lair:2   | 10983 ||| SWAPPING to +0 war axe.
 11406 | Lair:2   | 11406 ||| UPGRADING to +6 crystal plate armour "Zech"
                  | {rPois rC+}.
 11416 | Lair:2   | 11416 ||| DROPPING +3 gold dragon scales.
 11417 | Lair:2   | 11417 ||| DROPPING amulet of the acrobat.
 11639 | Lair:3   | 11639 ||| Stepping ~*~*~tactically~*~*~ (stealth).
 11715 | Lair:3   | 11715 ||| INVOKING Heroism.
 11755 | Lair:3   | 11755 ||| INVOKING Heroism.
 11819 | Lair:3   | 11819 ||| INVOKING Heroism.
 12067 | Lair:3   | 12067 ||| INVOKING Heroism.
 12081 | Lair:3   | Reached skill level 12 in Armour
 12087 | Lair:3   | Reached XP level 13. HP: 64/80 MP: 20/20
 12286 | Lair:3   | 12286 ||| READING scroll of enchant armour.
 12286 | Lair:3   | 12286 ||| ENCHANTING +0 helmet.
 12406 | Lair:3   | 12406 ||| UPGRADING to +4 ring of protection.
 12408 | Lair:3   | 12408 ||| READING scroll labelled RIUXIMM ZIECK.
 12409 | Lair:3   | 12409 ||| READING scroll labelled KYL QOUGREGUOSK.
 12599 | Lair:4   | Found a staircase to the Slime Pits.
 12670 | Lair:4   | 12670 ||| Stepping ~*~*~tactically~*~*~ (hiding).
 12674 | Lair:4   | 12674 ||| INVOKING Heroism.
 12676 | Lair:4   | 12676 ||| INVOKING Finesse.
 12724 | Lair:4   | 12724 ||| INVOKING Heroism.
 12837 | Lair:4   | 12837 ||| INVOKING Heroism.
 12842 | Lair:4   | 12842 ||| Stepping ~*~*~tactically~*~*~ (stealth).
 12845 | Lair:4   | 12845 ||| FLEEEEING.
 12846 | Lair:4   | 12846 ||| FLEEEEING.
 12847 | Lair:4   | 12847 ||| FLEEEEING.
 12848 | Lair:4   | 12848 ||| FLEEEEING.
 12849 | Lair:4   | 12849 ||| FLEEEEING.
 12853 | Lair:4   | 12853 ||| FLEEEEING.
 12854 | Lair:4   | 12854 ||| FLEEEEING.
 12856 | Lair:4   | 12856 ||| FLEEEEING.
 12857 | Lair:4   | 12857 ||| FLEEEEING.
 12858 | Lair:4   | 12858 ||| FLEEEEING.
 12859 | Lair:4   | 12859 ||| FLEEEEING.
 12860 | Lair:4   | 12860 ||| FLEEEEING.
 12861 | Lair:4   | 12861 ||| FLEEEEING.
 12862 | Lair:4   | 12862 ||| FLEEEEING.
 12863 | Lair:4   | 12863 ||| FLEEEEING.
 12864 | Lair:4   | 12864 ||| FLEEEEING.
 12865 | Lair:4   | 12865 ||| STAIRDANCE
 12983 | Lair:4   | 12983 ||| Stepping ~*~*~tactically~*~*~ (stealth).
 12985 | Lair:4   | 12985 ||| Stepping ~*~*~tactically~*~*~ (stealth).
 13026 | Lair:4   | 13026 ||| INVOKING Heroism.
 13238 | Lair:4   | 13238 ||| Stepping ~*~*~tactically~*~*~ (stealth).
 13243 | Lair:4   | 13243 ||| Stepping ~*~*~tactically~*~*~ (stealth).
 13246 | Lair:4   | 13246 ||| Stepping ~*~*~tactically~*~*~ (stealth).
 13393 | Lair:5   | Entered Level 5 of the Lair of Beasts
 13406 | Lair:5   | 13406 ||| FLEEEEING.
 13408 | Lair:5   | 13408 ||| FLEEEEING.
 13410 | Lair:5   | 13410 ||| Stepping ~*~*~tactically~*~*~ (stealth).
 13412 | Lair:5   | 13412 ||| FLEEEEING.
 13415 | Lair:5   | 13415 ||| INVOKING Heroism.
 13416 | Lair:5   | 13416 ||| Stepping ~*~*~tactically~*~*~ (stealth).
 13446 | Lair:5   | Received a gift from Okawaru
 13498 | Lair:5   | 13498 ||| Stepping ~*~*~tactically~*~*~ (stealth).
 13500 | Lair:5   | 13500 ||| Stepping ~*~*~tactically~*~*~ (stealth).
 13502 | Lair:5   | 13502 ||| Stepping ~*~*~tactically~*~*~ (stealth).
 13503 | Lair:5   | 13503 ||| INVOKING Heroism.
 13519 | Lair:5   | Reached skill level 13 in Axes
 13524 | Lair:5   | 13524 ||| Stepping ~*~*~tactically~*~*~ (stealth).
 13538 | Lair:5   | 13538 ||| Stepping ~*~*~tactically~*~*~ (stealth).
 13539 | Lair:5   | 13539 ||| Stepping ~*~*~tactically~*~*~ (stealth).
 13559 | Lair:5   | 13559 ||| INVOKING Heroism.
 13560 | Lair:5   | 13560 ||| INVOKING Finesse.
 13563 | Lair:5   | 13563 ||| SWAPPING to +0 demon whip of venom.
 13566 | Lair:5   | Noticed a dire elephant
 13572 | Lair:5   | 13572 ||| SWAPPING to +0 spectral war axe.
 13583 | Lair:5   | Killed a dire elephant
 13583 | Lair:5   | Received a gift from Okawaru
 13647 | Lair:5   | 13647 ||| Stepping ~*~*~tactically~*~*~ (stealth).
 13668 | Lair:5   | 13668 ||| Stepping ~*~*~tactically~*~*~ (hiding).
 13806 | Lair:5   | 13806 ||| Stepping ~*~*~tactically~*~*~ (hiding).
 13917 | Lair:5   | Found a burning altar of Makhleb.
 13918 | Lair:5   | 13918 ||| INVOKING Heroism.
 13919 | Lair:5   | 13919 ||| INVOKING Finesse.
 13941 | Lair:5   | Received a gift from Okawaru
 13992 | Lair:5   | Found a gateway to Hell.
 14156 | Lair:5   | Reached skill level 14 in Axes
 14162 | Lair:5   | 14162 ||| Stepping ~*~*~tactically~*~*~ (stealth).
 14170 | Lair:5   | 14170 ||| INVOKING Heroism.
 14171 | Lair:5   | 14171 ||| Stepping ~*~*~tactically~*~*~ (stealth).
 14172 | Lair:5   | 14172 ||| Stepping ~*~*~tactically~*~*~ (stealth).
 14173 | Lair:5   | 14173 ||| INVOKING Finesse.
 14278 | Lair:5   | 14278 ||| Stepping ~*~*~tactically~*~*~ (stealth).
 14280 | Lair:5   | 14280 ||| Stepping ~*~*~tactically~*~*~ (stealth).
 14287 | Lair:5   | 14287 ||| INVOKING Heroism.
 14289 | Lair:5   | Gained mutation: Your large and strong wings let you fly.
                  | [Gargoyle growth]
 14289 | Lair:5   | Reached XP level 14. HP: 88/88 MP: 18/21
 14407 | Lair:5   | 14407 ||| INVOKING Heroism.
 14422 | Lair:5   | Received a gift from Okawaru
 14433 | Lair:5   | 14433 ||| INVOKING Finesse.
 14457 | Lair:5   | 14457 ||| READING scroll labelled KIURAI HUFU.
 14464 | Lair:5   | 14464 ||| INVOKING Heroism.
 14466 | Lair:5   | 14466 ||| Stepping ~*~*~tactically~*~*~ (cloud).
 15133 | Lair:5   | 15133 ||| PLANNING D:1-11
 15287 | D:10     | Entered Level 10 of the Dungeon
 15288 | D:10     | 15288 ||| INVOKING Heroism.
 15290 | D:10     | 15290 ||| Stepping ~*~*~tactically~*~*~ (stealth).
 15313 | D:10     | 15313 ||| Stepping ~*~*~tactically~*~*~ (stealth).
 15352 | D:10     | 15352 ||| Stepping ~*~*~tactically~*~*~ (hiding).
 15355 | D:10     | 15355 ||| INVOKING Heroism.
 15408 | D:10     | 15408 ||| Stepping ~*~*~tactically~*~*~ (hiding).
 15417 | D:10     | 15417 ||| Stepping ~*~*~tactically~*~*~ (stealth).
 15425 | D:10     | 15425 ||| Stepping ~*~*~tactically~*~*~ (stealth).
 15428 | D:10     | 15428 ||| INVOKING Heroism.
 15430 | D:10     | Found a staircase to the Orcish Mines.
 15443 | D:10     | 15443 ||| Stepping ~*~*~tactically~*~*~ (hiding).
 15510 | D:10     | Identified the +2 scale mail "Delykh" {*Corrode Str+8
                  | Int+3}
 15564 | D:10     | 15564 ||| Stepping ~*~*~tactically~*~*~ (hiding).
 15566 | D:10     | 15566 ||| INVOKING Heroism.
 15601 | D:10     | Noticed Sonja
 15602 | D:10     | 15602 ||| INVOKING Finesse.
 15609 | D:10     | Killed Sonja
 15609 | D:10     | Identified the +2 pair of boots "Ossiwixi" {rC+} (Okawaru
                  | gifted it to you on level 10 of the Dungeon)
 15609 | D:10     | Received a gift from Okawaru
 15664 | D:10     | Found a transporter.
 15664 | D:10     | Found a transporter.
 15664 | D:10     | Noticed qw's ghost (journeyman GrFi)
 15763 | D:10     | 15763 ||| Stepping ~*~*~tactically~*~*~ (hiding).
 15826 | D:10     | 15826 ||| INVOKING Heroism.
 15856 | D:10     | 15856 ||| READING scroll of enchant armour.
 15856 | D:10     | 15856 ||| ENCHANTING +1 helmet.
 16178 | D:10     | 16178 ||| UPGRADING to +2 pair of boots "Ossiwixi" {rC+}.
 16188 | D:10     | 16188 ||| DROPPING +2 pair of boots of flying.
 16572 | D:11     | 16572 ||| Stepping ~*~*~tactically~*~*~ (hiding).
 16579 | D:11     | 16579 ||| INVOKING Heroism.
 16581 | D:11     | Reached skill level 15 in Axes
 16760 | D:11     | 16760 ||| Stepping ~*~*~tactically~*~*~ (stealth).
 16762 | D:11     | 16762 ||| Stepping ~*~*~tactically~*~*~ (stealth).
 16764 | D:11     | 16764 ||| Stepping ~*~*~tactically~*~*~ (stealth).
 16765 | D:11     | 16765 ||| Stepping ~*~*~tactically~*~*~ (stealth).
 16766 | D:11     | 16766 ||| Stepping ~*~*~tactically~*~*~ (stealth).
 16770 | D:11     | 16770 ||| Stepping ~*~*~tactically~*~*~ (hiding).
 17030 | D:11     | 17030 ||| PLANNING D
 17030 | D:11     | 17030 ||| UPGRADING to scarf of repulsion.
 17040 | D:11     | 17040 ||| UPGRADING to amulet of reflection.
 17050 | D:11     | 17050 ||| DROPPING amulet of regeneration.
 17092 | D:12     | 17092 ||| STAIRDANCE
 17201 | D:12     | 17201 ||| Stepping ~*~*~tactically~*~*~ (hiding).
 17240 | D:12     | Found a frozen archway.
 17285 | D:12     | Found a runed translucent door.
 17292 | D:12     | Found a runed translucent door.
 17394 | D:12     | Reached skill level 12 in Fighting
 17591 | D:12     | Found a runed translucent door.
 17754 | D:12     | Found the ring of Shadows {Umbra +Inv Stlth+}
 17790 | D:12     | 17790 ||| DROPPING +2 hat of intelligence.
 17791 | D:12     | 17791 ||| READING scroll labelled JUC HUMAETZOA.
 17932 | D:13     | 17932 ||| Stepping ~*~*~tactically~*~*~ (hiding).
 18347 | D:13     | 18347 ||| INVOKING Heroism.
 18462 | D:13     | 18462 ||| INVOKING Heroism.
 18494 | D:13     | Reached XP level 15. HP: 87/96 MP: 22/22
 18532 | D:13     | 18532 ||| INVOKING Heroism.
 18571 | D:13     | Found a gate to the Vaults.
 18572 | D:13     | 18572 ||| INVOKING Heroism.
 18586 | D:13     | Reached skill level 16 in Axes
 18689 | D:13     | 18689 ||| Stepping ~*~*~tactically~*~*~ (stealth).
 18693 | D:13     | 18693 ||| INVOKING Heroism.
 18699 | D:13     | Identified the +1 buckler of the Slug {rC- rN+ Int+2}
                  | (Okawaru gifted it to you on level 13 of the Dungeon)
 18699 | D:13     | Received a gift from Okawaru
 18726 | D:13     | 18726 ||| SWAPPING to +0 broad axe.
 18727 | D:13     | 18727 ||| DROPPING +0 spectral war axe.
 18736 | D:13     | 18736 ||| INVOKING Heroism.
 18932 | D:13     | 18932 ||| DROPPING +1 helmet.
 18956 | D:14     | 18956 ||| INVOKING Heroism.
 18957 | D:14     | 18957 ||| INVOKING Finesse.
 18960 | D:14     | 18960 ||| SWAPPING to +0 demon whip of venom.
 18974 | D:14     | 18974 ||| SWAPPING to +0 broad axe.
 19103 | D:14     | 19103 ||| INVOKING Heroism.
 19124 | D:14     | Noticed Lodul
 19141 | D:14     | 19141 ||| INVOKING Heroism.
 19149 | D:14     | Killed Lodul
 19323 | D:14     | 19323 ||| Stepping ~*~*~tactically~*~*~ (hiding).
 19331 | D:14     | Reached skill level 15 in Armour
 19485 | D:14     | 19485 ||| INVOKING Heroism.
 19492 | D:14     | HP: 22/96 [skeletal warrior/+0 halberd[a death knight]
                  | (12)]
 19493 | D:14     | 19493 ||| READING scroll of teleportation.
 19494 | D:14     | 19494 ||| DRINKING potion of heal wounds.
 19750 | D:14     | 19750 ||| INVOKING Heroism.
 19751 | D:14     | 19751 ||| INVOKING Finesse.
 19753 | D:14     | 19753 ||| SWAPPING to +0 demon whip of venom.
 19757 | D:14     | 19757 ||| SWAPPING to +0 broad axe.
 19842 | D:14     | 19842 ||| INVOKING Heroism.
 19978 | D:14     | Noticed Louise
 19979 | D:14     | 19979 ||| INVOKING Heroism.
 19980 | D:14     | 19980 ||| INVOKING Finesse.
 20025 | Abyss:3  | Cast into level 3 of the Abyss (Louise)
 20041 | Abyss:3  | 20041 ||| Stepping ~*~*~tactically~*~*~ (stealth).
 20050 | Abyss:3  | 20050 ||| Stepping ~*~*~tactically~*~*~ (stealth).
 20054 | Abyss:3  | 20054 ||| Stepping ~*~*~tactically~*~*~ (stealth).
 20060 | Abyss:3  | 20060 ||| Stepping ~*~*~tactically~*~*~ (stealth).
 20062 | Abyss:3  | 20062 ||| Stepping ~*~*~tactically~*~*~ (stealth).
 20072 | Abyss:3  | 20072 ||| Stepping ~*~*~tactically~*~*~ (stealth).
 20074 | Abyss:3  | 20074 ||| Stepping ~*~*~tactically~*~*~ (stealth).
 20075 | Abyss:3  | 20075 ||| Stepping ~*~*~tactically~*~*~ (stealth).
 20077 | Abyss:3  | 20077 ||| Stepping ~*~*~tactically~*~*~ (stealth).
 20085 | Abyss:3  | 20085 ||| Stepping ~*~*~tactically~*~*~ (stealth).
 20088 | Abyss:3  | 20088 ||| Stepping ~*~*~tactically~*~*~ (stealth).
 20198 | Abyss:3  | 20198 ||| Stepping ~*~*~tactically~*~*~ (hiding).
 20200 | Abyss:3  | 20200 ||| Stepping ~*~*~tactically~*~*~ (hiding).
 20227 | Abyss:3  | 20227 ||| INVOKING Heroism.
 20242 | Abyss:3  | Noticed a purple draconian shifter
 20259 | Abyss:3  | 20259 ||| INVOKING Heroism.
 20273 | Abyss:3  | HP: 22/96 [purple draconian shifter/bolt of dispelling
                  | energy (18)]
 20277 | Abyss:3  | 20277 ||| Stepping ~*~*~tactically~*~*~ (hiding).
 20284 | Abyss:3  | 20284 ||| Stepping ~*~*~tactically~*~*~ (hiding).
 20295 | Abyss:3  | Killed a purple draconian shifter
 20356 | Abyss:3  | 20356 ||| Stepping ~*~*~tactically~*~*~ (stealth).
 20357 | Abyss:3  | 20357 ||| INVOKING Heroism.
 20408 | Abyss:3  | 20408 ||| Stepping ~*~*~tactically~*~*~ (stealth).
 20426 | Abyss:3  | 20426 ||| Stepping ~*~*~tactically~*~*~ (stealth).
 20459 | Abyss:3  | Noticed a tentacled monstrosity
 20460 | Abyss:3  | 20460 ||| Stepping ~*~*~tactically~*~*~ (stealth).
 20462 | Abyss:3  | 20462 ||| INVOKING Heroism.
 20463 | Abyss:3  | 20463 ||| INVOKING Finesse.
 20478 | Abyss:3  | Killed a tentacled monstrosity
 20479 | Abyss:3  | Reached skill level 17 in Axes
 20489 | Abyss:3  | 20489 ||| Stepping ~*~*~tactically~*~*~ (stealth).
 20513 | Abyss:3  | 20513 ||| Stepping ~*~*~tactically~*~*~ (stealth).
 20543 | Abyss:3  | 20543 ||| Stepping ~*~*~tactically~*~*~ (stealth).
 20547 | Abyss:3  | 20547 ||| Stepping ~*~*~tactically~*~*~ (stealth).
 20548 | Abyss:3  | 20548 ||| Stepping ~*~*~tactically~*~*~ (stealth).
 20553 | Abyss:3  | 20553 ||| INVOKING Heroism.
 20591 | Abyss:3  | 20591 ||| Stepping ~*~*~tactically~*~*~ (stealth).
 20592 | Abyss:3  | 20592 ||| Stepping ~*~*~tactically~*~*~ (stealth).
 20593 | Abyss:3  | 20593 ||| Stepping ~*~*~tactically~*~*~ (stealth).
 20595 | Abyss:3  | 20595 ||| Stepping ~*~*~tactically~*~*~ (stealth).
 20596 | Abyss:3  | 20596 ||| Stepping ~*~*~tactically~*~*~ (stealth).
 20601 | Abyss:3  | 20601 ||| Stepping ~*~*~tactically~*~*~ (stealth).
 20607 | Abyss:3  | 20607 ||| Stepping ~*~*~tactically~*~*~ (stealth).
 20609 | Abyss:3  | 20609 ||| Stepping ~*~*~tactically~*~*~ (stealth).
 20612 | Abyss:3  | 20612 ||| Stepping ~*~*~tactically~*~*~ (stealth).
 20619 | Abyss:3  | 20619 ||| Stepping ~*~*~tactically~*~*~ (stealth).
 20622 | Abyss:3  | 20622 ||| Stepping ~*~*~tactically~*~*~ (stealth).
 20623 | Abyss:3  | 20623 ||| Stepping ~*~*~tactically~*~*~ (stealth).
 20626 | Abyss:3  | 20626 ||| INVOKING Heroism.
 20694 | Abyss:3  | 20694 ||| INVOKING Heroism.
 20709 | Abyss:3  | Received a gift from Okawaru
 20712 | Abyss:3  | 20712 ||| Stepping ~*~*~tactically~*~*~ (hiding).
 20713 | Abyss:3  | 20713 ||| Stepping ~*~*~tactically~*~*~ (stealth).
 20715 | Abyss:3  | 20715 ||| INVOKING Heroism.
 20749 | D:14     | Escaped the Abyss
 20750 | D:14     | 20750 ||| INVOKING Finesse.
 20753 | D:14     | HP: 23/98 [naga warrior/+0 short sword (11)]
 20765 | D:14     | 20765 ||| INVOKING Heroism.
 20771 | D:14     | Killed Louise
 21083 | D:14     | Identified the +0 hat of Complete Protection {rPois Str+7
                  | Dex-5} (Okawaru gifted it to you on level 14 of the
                  | Dungeon)
 21083 | D:14     | Received a gift from Okawaru
 21084 | D:14     | Reached XP level 16. HP: 91/104 MP: 23/23
 21289 | D:14     | Found Evirej's General Store.
 21292 | D:14     | 21292 ||| BUYING 3 scrolls of teleportation (135 gold).
 21292 | D:14     | Bought 3 scrolls of teleportation for 135 gold pieces
 21292 | D:14     | 21292 ||| BUYING scroll of enchant weapon (112 gold).
 21292 | D:14     | Bought a scroll of enchant weapon for 112 gold pieces
 21292 | D:14     | 21292 ||| BUYING scroll of enchant weapon (112 gold).
 21292 | D:14     | Bought a scroll of enchant weapon for 112 gold pieces
 21292 | D:14     | 21292 ||| BUYING scroll of teleportation (45 gold).
 21292 | D:14     | Bought a scroll of teleportation for 45 gold pieces
 21292 | D:14     | 21292 ||| BUYING scroll of teleportation (45 gold).
 21292 | D:14     | Bought a scroll of teleportation for 45 gold pieces
 21292 | D:14     | 21292 ||| READING 2 scrolls of enchant weapon.
 21292 | D:14     | 21292 ||| ENCHANTING +0 broad axe.
 21293 | D:14     | 21293 ||| READING scroll of enchant weapon.
 21293 | D:14     | 21293 ||| ENCHANTING +1 broad axe.
 21375 | D:14     | 21375 ||| UPGRADING to +0 tower shield.
 21385 | D:14     | 21385 ||| DROPPING +0 buckler.
 21386 | D:14     | 21386 ||| DROPPING +0 hat of Complete Protection {rPois
                  | Str+7 Dex-5}.
 21387 | D:14     | 21387 ||| DROPPING +1 buckler of the Slug {rC- rN+ Int+2}.
 21410 | D:15     | Entered Level 15 of the Dungeon
 21412 | D:15     | 21412 ||| Stepping ~*~*~tactically~*~*~ (hiding).
 21458 | D:15     | 21458 ||| INVOKING Heroism.
 21505 | D:15     | 21505 ||| Stepping ~*~*~tactically~*~*~ (stealth).
 21514 | D:15     | 21514 ||| Stepping ~*~*~tactically~*~*~ (stealth).
 21518 | D:15     | 21518 ||| Stepping ~*~*~tactically~*~*~ (stealth).
 21521 | D:15     | 21521 ||| Stepping ~*~*~tactically~*~*~ (stealth).
 21523 | D:15     | 21523 ||| Stepping ~*~*~tactically~*~*~ (stealth).
 21528 | D:15     | 21528 ||| Stepping ~*~*~tactically~*~*~ (stealth).
 21536 | D:15     | 21536 ||| DROPPING +0 demon whip of venom.
 21539 | D:15     | Found a burning altar of Makhleb.
 21540 | D:15     | 21540 ||| INVOKING Heroism.
 21541 | D:15     | 21541 ||| INVOKING Finesse.
 21567 | D:15     | Reached skill level 9 in Shields
 21568 | D:15     | Found a burning altar of Makhleb.
 21568 | D:15     | Found the +14 obsidian axe {vorpal, Mesm Drain Fly SInv}
 21597 | D:15     | 21597 ||| INVOKING Heroism.
 21626 | D:15     | Killed from afar by a hell knight

Levels and vault maps discovered:
D:1:      dpeg_arrival_arbitrary_c, layout_basic
D:2:      layout_rooms, hellmonk_ecumenical_altar_arch_garden, st_stairs_2,
          grunt_ministairs_6, kennysheep_path_1, uniq_natasha
D:3:      layout_basic, good_gods_temple_1, serial_aquarium,
          aquarium_bridge_island_large [aquarium_subvault_large_1_pool,
          aquarium_subvault_bridge, aquarium_subvault_bridge,
          aquarium_subvault_wall, aquarium_subvault_window],
          aquarium_bridge_long_separate [aquarium_subvault_bridge,
          aquarium_subvault_wall, aquarium_subvault_wall,
          aquarium_subvault_wall, aquarium_subvault_bridge,
          aquarium_subvault_bridge], aquarium_window_fake, aquarium_window_2,
          aquarium_window_2, aquarium_window_fake, aquarium_view_2c,
          aquarium_balcony_1b, portal_sewer_entry_d, minmay_misc_feat_doors,
          grunt_ministairs_10, kennysheep_generic_room_10
D:4:      layout_cave_pools, minmay_temple_entry_proselytizer, serial_shops,
          nicolae_shop_stone, nicolae_figureground_sparkle
D:5:      layout_gridville, grunt_ministairs_4
D:6:      layout_loops_corners, grunt_gozag_breadcrumbs,
          nicolae_wu_jian_immortal_techniques,
          chequers_temple_overflow_minitemple, minmay_small_thing, uniq_maggie
D:7:      layout_loops_ring, minmay_the_grid_2x2 [minmay_the_grid_fan,
          minmay_the_grid_broken_lines, minmay_the_grid_stretched_grid,
          minmay_the_grid_prize_trominoes], uniq_crazy_yiuf_cottage
D:8:      minmay_distorted_concentric_squares, layout_basic,
          minmay_misc_feat_chi, grunt_ministairs_11
D:9:      layout_irregular_city, mainiacjoe_overflow_alcove_2, lair_entry_dummy,
          st_stairs_4, uniq_maurice
D:10:     layout_roguey, hiddenorc2_lemuel, special_room [special_room_kobold],
          gammafunk_ghost_hive, minmay_hedge_maze, hangedman_stone_soup,
          uniq_sonja
D:11:     layout_long_grid
D:12:     layout_loops_ring, portal_ice_cave_rime, serial_bayou_pond_a,
          mikee_hates_you
D:13:     layout_cave_pools, grunt_vaults_entry_tiered
D:14:     layout_basic, serial_shops, kennysheep_mini, uniq_louise, uniq_lodul
D:15:     gammafunk_depths_entry_grave, layout_basic,
          small_chamber_with_monster, grunt_guarded_unrand_obsidian_axe,
          uniq_roxanne
Temple:   nicolae_temple_figure_eight
Lair:1:   layout_loops_ring
Lair:2:   layout_layer_cave, minmay_shoals_entry_beasts, dummy_snake_entry,
          basic_altar, uniq_amaemon
Lair:3:   layout_cave_pods
Lair:4:   lemuel_slime, layout_gridlike, dpeg_slime_entry_corner,
          infiniplex_staircase_pool_2
Lair:5:   evil_forest, layout_small_grid, bobbens_dragon_lair_wall

Skill      XL: |  1  2  3  4  5  6  7  8  9 10 11 12 13 14 15 16 |
---------------+-------------------------------------------------+-----
Axes           | 2 3 4 5 6 7 8 9 10 11 12 14 15 17 | 17.0
Armour         | 4 5 6 7 9 10 12 13 14 15 | 15.3
Fighting       | 4 5 7 8 9 10 12 13 | 13.0
Invocations    | 4 9 10 | 10.0
Throwing       | 1 2 |  2.2
Dodging        | 1 2 |  2.2
Shields        | 4 5 6 7 8 9 |  9.8

Action                   |  1- 3 |  4- 6 |  7- 9 | 10-12 | 13-15 | 16-18 || total
-------------------------+-------+-------+-------+-------+-------+-------++-------
Melee: War axe           |    98 |   181 |   332 |   630 |   589 |       ||  1830
       Demon whip        |       |       |       |     5 |    19 |       ||    24
       Broad axe         |       |       |       |       |   470 |   108 ||   578
Throw: Boomerang         |       |       |    57 |   106 |   128 |       ||   291
       Javelin           |       |       |       |       |     2 |       ||     2
Invok: Heroism           |       |       |    14 |    25 |    40 |     3 ||    82
       Finesse           |       |       |       |     1 |    11 |     1 ||    13
  Use: Scroll            |     3 |     9 |     4 |     8 |     7 |     2 ||    33
       Potion            |       |     5 |     1 |     2 |     1 |       ||     9
 Stab: Distracted        |       |       |       |       |    19 |       ||    19
Armor: Scale mail        |    40 |    19 |       |       |       |       ||    59
       Gold dragon scale |       |   141 |   310 |   395 |       |       ||   846
       Crystal plate arm |       |       |       |    79 |   565 |    63 ||   707
Dodge: Dodged            |    36 |    45 |    49 |   173 |   203 |    16 ||   522
       Repelled          |       |       |       |       |     3 |     1 ||     4
Block: Buckler           |    22 |    37 |    53 |   139 |   320 |     5 ||   576
       Reflection        |       |       |       |       |     3 |     1 ||     4
       Tower shield      |       |       |       |       |       |   124 ||   124

Table legend:
 A = Non-vault XP
 B = Vault XP
 C = Vault XP percentage of total XP
 D = Non-vault monster count
 E = Vault monster count
 F = Vault count percentage of total count
                 A         B        C        D         E       F
            +---------+---------+-------+---------+---------+-------
      Total |   88713 |   49502 |  35.8 |     413 |     238 |  36.6
            +---------+---------+-------+---------+---------+-------
        D:1 |      42 |       0 |   0.0 |      26 |       0 |   0.0
        D:2 |     124 |      56 |  31.1 |      16 |       5 |  23.8
        D:3 |      37 |      40 |  51.9 |      12 |       3 |  20.0
        D:4 |     429 |      41 |   8.7 |      24 |       1 |   4.0
        D:5 |     811 |      41 |   4.8 |      16 |       4 |  20.0
        D:6 |     789 |    1265 |  61.6 |      15 |       3 |  16.7
        D:7 |    1025 |    3873 |  79.1 |      25 |      15 |  37.5
        D:8 |    1500 |     792 |  34.6 |      31 |      12 |  27.9
        D:9 |    2117 |     872 |  29.2 |      22 |       3 |  12.0
       D:10 |    1693 |    3706 |  68.6 |      19 |      52 |  73.2
       D:11 |    4352 |       0 |   0.0 |      11 |       0 |   0.0
       D:12 |    3308 |     766 |  18.8 |       8 |       2 |  20.0
       D:13 |    9146 |    6798 |  42.6 |      20 |      25 |  55.6
       D:14 |   14907 |    3007 |  16.8 |      24 |      11 |  31.4
       D:15 |    1459 |    7543 |  83.8 |       2 |      17 |  89.5
     Lair:1 |    1609 |       0 |   0.0 |       9 |       0 |   0.0
     Lair:2 |    9017 |    1930 |  17.6 |      31 |       4 |  11.4
     Lair:3 |    5548 |       0 |   0.0 |      23 |       0 |   0.0
     Lair:4 |    2447 |     648 |  20.9 |       6 |      19 |  76.0
     Lair:5 |   12591 |   18055 |  58.9 |      42 |      53 |  55.8
    Abyss:3 |   15762 |       0 |   0.0 |      31 |       0 |   0.0
      Sewer |       0 |      69 | 100.0 |       0 |       9 | 100.0
            +---------+---------+-------+---------+---------+-------
